 Dungeon Crawl Stone Soup version 0.30-a0-691-g754fce4c43 (console) character file.

Game seed: 14241882089785093210

331 Banquo the Magician (level 6, -12/45 HPs)
             Began as a Djinni Conjurer on Jan 19, 2023.
             Was a Follower of Wu Jian.
             Mangled by a two-headed ogre
             ... wielding a +0 giant club
              (16 damage)
             ... on level 5 of the Dungeon.
             The game lasted 00:08:43 (3653 turns).

Banquo the Magician (Djinni Conjurer)               Turns: 3653, Time: 00:08:43

Health: -12/45     AC:  3    Str:  6    XL:     6   Next: 82%
Gold:   301        EV: 12    Int: 22    God:    Wu Jian [*.....] SH:  0 Dex: 11

rFire   + + .      SeeInvis .    e - +0 rapier
rCold   x . .      Faith    .    (no shield)
rNeg    . . .      Spirit   .    a - +0 robe
rPois   ∞          Reflect  .    m - +0 helmet
rElec   .          Harm     .    (no cloak)
rCorr   +          Rampage  .    (no gloves)
Will    .....                    (boots unavailable)
Stlth   ++                       (no amulet)
HPRegen 0.27/turn                l - ring of resist corrosion
MPRegen 0.00/turn                (no ring)

@: flying
A: sickness immunity, fire resistance 2, cold vulnerability 1, float, innate
caster, HP casting, extra vitality 1
a: Renounce Religion


You were on level 5 of the Dungeon.
You worshipped Wu Jian.
Wu Jian was aware of your devotion.
You visited 1 branch of the dungeon, and saw 5 of its levels.

You collected 301 gold pieces.

Inventory:

Hand Weapons
 d - a +0 spear
 e - a +0 rapier (weapon)
Missiles
 n - 3 poisoned darts
 s - 5 boomerangs
Armour
 a - a +0 robe (worn)
 m - a +0 helmet (worn)
Jewellery
 l - a ring of resist corrosion (left hand)
Scrolls
 h - a scroll of fear {unknown}
 i - 4 scrolls of teleportation {unknown}
 k - a scroll of enchant armour {unknown}
 o - 2 scrolls of noise {unknown}
 p - a scroll of fog {unknown}
 q - a scroll of poison {unknown}
 t - a scroll of acquirement {unknown}
 x - 2 scrolls of blinking {unknown}
Potions
 c - 2 potions of might
 f - 2 potions of mutation
 g - 2 potions of heal wounds
 j - a potion of ambrosia
 u - 4 potions of curing
 w - a potion of lignification {unknown}
 z - a potion of haste {unknown}


   Skills:
 * Level 2.7 Fighting
 - Level 2.1 Dodging
 - Level 1.5 Stealth
 + Level 5.4 Spellcasting


You couldn't memorise any spells.
You knew the following spells:

 Your Spells              Type           Power      Damage    Failure   Level
a - Magic Dart            Conj           100%       1d8       1%          1
b - Sandblast             Erth           60%        2d14      1%          1
c - Momentum Strike       Conj/Tloc      60%        3d9       1%          2
d - Dazzling Flash        Conj/Hex       60%        N/A       3%          3
m - Iskenderun's Mystic   Conj/Tloc      30%        2d8       10%         4
p - Fulminant Prism       Conj/Hex       15%        3d11      10%         4
r - Searing Ray           Conj           60%        2d6       1%          2
Your spell library was empty.

Dungeon Overview and Level Annotations

Branches:
Dungeon (5/15)             Temple (0/1) D:4

Altars:
Wu Jian

Shops:
D:4 ![


Innate Abilities, Weirdness & Mutations

You are immune to sickness and miasma.
You are immune to poison.
Your flesh is very heat resistant. (rF++)
You are vulnerable to cold. (rC-)
You float through the air rather than walking.
You learn spells naturally, not from books.
Your magical power is your life essence.
You have superior vitality. (+4 MHP)


Message History

Confirm with . or Enter, or press ? or * to list all spells.
Aiming: Magic Dart (safe; 1% risk of failure)
Press: ? - help, Shift-Dir - straight line, f/p - two-headed ogre
Aim: a two-headed ogre, wielding a +0 giant club and a +0 giant spiked club (lightly wounded, 100% to hit)
The magic dart hits the two-headed ogre.
The two-headed ogre is lightly wounded.
Casting: Magic Dart (safe; 1% risk of failure)
Confirm with . or Enter, or press ? or * to list all spells.
Aiming: Magic Dart (safe; 1% risk of failure)
Press: ? - help, Shift-Dir - straight line, f/p - two-headed ogre
Aim: a two-headed ogre, wielding a +0 giant club and a +0 giant spiked club (lightly wounded, 100% to hit)
The magic dart hits the two-headed ogre.
The two-headed ogre is lightly wounded.
Casting: Magic Dart (safe; 1% risk of failure)
Confirm with . or Enter, or press ? or * to list all spells.
Aiming: Searing Ray (safe; 1% risk of failure)
Press: ? - help, Shift-Dir - straight line, f/p - two-headed ogre
Aim: a two-headed ogre, wielding a +0 giant club and a +0 giant spiked club (lightly wounded, 90% to hit)
The searing ray hits the two-headed ogre!
The two-headed ogre is moderately wounded. (Press . to maintain the ray.)
The searing ray hits the two-headed ogre!
The two-headed ogre is heavily wounded.
The searing ray misses the two-headed ogre.
The two-headed ogre hits you with a +0 giant club!
The two-headed ogre hits you with a +0 giant spiked club!!
* * * LOW HITPOINT WARNING * * *
The searing ray hits the two-headed ogre!
The two-headed ogre is heavily wounded.
* * * LOW HITPOINT WARNING * * *
You finish channelling your searing ray.
Casting: Searing Ray (safe; 1% risk of failure)
Confirm with . or Enter, or press ? or * to list all spells.
The spell is quite dangerous to miscast (10% risk of failure)!
Continue anyway?
You erupt in a blast of force!
The mystic blast hits the two-headed ogre!
The two-headed ogre is severely wounded.
* * * LOW HITPOINT WARNING * * *
The two-headed ogre hits you with a +0 giant club!
You die...

#.# #.# #.# #
####.# ..
....# ##...
#..# ##...
######..##...
....$.O@.#.#
.....###...#
####. #.###
#.###.#
#.....#
###<### #.#
#.# #.#


You could see a two-headed ogre.

Vanquished Creatures
  A black bear (D:4)
  A bullfrog (D:4)
  A hound (D:4)
  A jelly (D:4)
  An iguana (D:4)
  3 adders
  2 worms
  2 dart slugs (D:4)
  4 orcs
  3 bats
  2 endoplasms
  5 giant cockroaches
  3 goblins
  8 hobgoblins
  3 kobolds (D:1)
  A quokka (D:4)
  4 ball pythons
  3 frilled lizards
  8 rats
56 creatures vanquished.

Notes
Turn   | Place    | Note
-------+----------+-------------------------------------------
     0 | D:1      | Banquo the Djinni Conjurer began the quest for the Orb.
     0 | D:1      | Banquo set off with the following spells memorised: Magic
                  | Dart, Searing Ray, Dazzling Flash, Fulminant Prism,
                  | Iskenderun's Mystic Blast.
     0 | D:1      | Reached XP level 1. HP: 15/15 MP: 0/0
   227 | D:1      | Reached XP level 2. HP: 18/22 MP: 0/0
   503 | D:1      | Reached XP level 3. HP: 25/26 MP: 0/0
   503 | D:1      | Learned a level 1 spell: Sandblast
   788 | D:2      | Reached skill level 1 in Fighting
  1048 | D:2      | Reached skill level 4 in Spellcasting
  1247 | D:2      | Reached XP level 4. HP: 30/32 MP: 0/0
  2041 | D:3      | Found a faded altar of an unknown god.
  2056 | D:3      | Prayed at the altar of an unknown god.
  2056 | D:3      | Became a worshipper of the Wu Jian Council
  2056 | D:3      | Reached * piety under Wu Jian
  2484 | D:4      | Reached XP level 5. HP: 31/38 MP: 0/0
  2484 | D:4      | Learned a level 2 spell: Momentum Strike
  2661 | D:4      | Found Kuj Ikox's Distillery.
  2844 | D:4      | Noticed a bullfrog
  2852 | D:4      | Killed a bullfrog
  2853 | D:4      | Reached skill level 5 in Spellcasting
  2853 | D:4      | Reached XP level 6. HP: 21/43 MP: 0/0
  2946 | D:4      | Found Pyimerri's Armour Emporium.
  2988 | D:4      | Noticed a black bear
  3067 | D:4      | Killed a black bear
  3101 | D:4      | Found a staircase to the Ecumenical Temple.
  3539 | D:5      | Entered Level 5 of the Dungeon
  3645 | D:5      | Noticed a two-headed ogre
  3653 | D:5      | Mangled by a two-headed ogre

Illustrated notes

Levels and vault maps discovered:
D:1:      dpeg_arrival_pits, layout_basic, chequers_serial_rivers_small_b
D:2:      layout_loops_ring
D:3:      layout_loops_ring, shapermc_ecumenical_altar_ellora,
          minmay_misc_feat_x, kennysheep_decorative_pillar, patterned_corridor
D:4:      layout_cave_pods, gammafunk_temple_overflow_pools, temple_fountains,
          serial_shops, shop, nicolae_shop_trees
D:5:      layout_loops_ring

Skill      XL: |  1  2  3  4  5 |
---------------+----------------+-----
Fighting       | 1 2 |  2.7
Spellcasting   | 4 5 |  5.4
Dodging        | |  2.1
Stealth        | |  1.5

Action                   |  1- 3 |  4- 6 || total
-------------------------+-------+-------++-------
Melee: Rapier            |       |    13 ||    13
 Cast: Magic Dart        |    70 |    65 ||   135
       Searing Ray       |       |     6 ||     6
       Iskenderun's Myst |       |     1 ||     1
Invok: Lunge             |       |     1 ||     1
  Use: Scroll            |       |     5 ||     5
Armor: Robe              |     4 |     9 ||    13
Dodge: Dodged            |    10 |     7 ||    17

Table legend: (Time is in decaauts)
 A = Elapsed time spent in this place.
 B = Non-inter-level travel time spent in this place.
 C = Inter-level travel time spent in this place.
 D = Time resting spent in this place.
 E = Time spent auto-exploring this place.
 F = Levels seen in this place.
 G = Mean time per level.
                   A        B        C        D        E       F      G
               +--------+--------+--------+--------+--------+-----+--------+
         Total |   3654 |   3288 |    366 |    159 |   2712 |   5 |  730.8 |
       Dungeon |   3654 |   3288 |    366 |    159 |   2712 |   5 |  730.8 |
               +--------+--------+--------+--------+--------+-----+--------+

Top non-repeatable levels by time:
     D:4: 1223 daAuts
     D:2: 852 daAuts
     D:3: 814 daAuts
     D:1: 739 daAuts
     D:5: 25 daAuts
